[Event "December 19 Late 2023"]
[Site "https://www.chess.com"]
[Date "2023.12.19"]
[Round "2"]
[White "Tan, Ralph"]
[Black "Golubenko, Valentina"]
[Result "1-0"]
[Board "135"]
[TimeControl "180+1"]
[WhiteFideId "30966590"]
[BlackFideId "4501993"]
[WhiteElo "2099"]
[BlackElo "2126"]
[WhiteTeam "USA"]
[BlackTeam "CRO"]
[WhiteClock "0:00:15"]
[BlackClock "0:00:05"]

1. e4 e6 2. d4 d5 3. e5 c5 4. c3 Nc6 5. Nf3 Nge7 6. Na3 cxd4 7. cxd4 a6 8. Bd3 Nf5 9. Nc2 Be7 10. O-O O-O 11. a3 Na5 12. Ne3 g6 13. b4 Nc6 14. Bxf5 exf5 15. Bb2 Be6 16. Rc1 Rc8 17. Qb3 f4 18. Nd1 Bf5 19. Nc3 Be4 20. Rcd1 Qd7 21. Ne2 Qg4 22. h3 Qf5 23. Rd2 f6 24. Re1 fxe5 25. Nxe5 Nxe5 26. dxe5 Bxg2 27. Kxg2 f3+ 28. Kh2 fxe2 29. Qxd5+ Rf7 30. Rdxe2 Bg5 31. Qg2 Bf4+ 32. Kg1 Qe6 33. Qg4 Rf5 34. Rd1 Rg5 35. f3 Rxg4+ 36. hxg4 Re8 37. Kf2 Bg5 38. Rd6 Bh4+ 39. Kf1 Qf7 40. Kg2 Qf4 41. Rd3 Qg3+ 42. Kf1 Qh3+ 43. Kg1 Qg3+ 44. Rg2 Qe1+ 45. Kh2 Bg5 46. Rd4 Qe3 47. Re4 Bf4+ 48. Kh3 Qb3 49. Rxf4 g5 50. Rf5 Re6 51. Rxg5+ Kf7 52. Rh5 Qxf3+ 53. Kh2 Qf1 54. Rxh7+ Ke8 55. Rh8+ Kd7 56. Rh3 Kc6 57. Bd4 Kd5 58. Bf2 Qe2 59. Bg3 Rxe5 60. Rxe2 Rxe2+ 61. Kg1 Kc4 62. Rh5 Re3 63. Bf2 Rxa3 64. Bc5 Rg3+ 65. Kf2 Rxg4 66. Ke3 Rg3+ 67. Ke4 Rb3 68. Bf8 a5 69. Rxa5 b6 70. Ra8 b5 71. Rc8# 1-0

[Event "December 19 Late 2023"]
[Site "https://www.chess.com"]
[Date "2023.12.19"]
[Round "2"]
[White "Nasybullina, Alfia"]
[Black "Chylewski, Patryk"]
[Result "0-1"]
[Board "136"]
[TimeControl "180+1"]
[WhiteFideId "4132416"]
[BlackFideId "1186191"]
[WhiteElo "1920"]
[BlackElo "2176"]
[WhiteTeam "KAZ"]
[BlackTeam "POL"]
[WhiteClock "0:00:52"]
[BlackClock "0:00:06"]

1. d4 Nf6 2. Nf3 e6 3. Bf4 d5 4. e3 c5 5. c3 Nc6 6. Nbd2 cxd4 7. exd4 Nh5 8. Be3 Bd6 9. Ne5 g6 10. Nxc6 bxc6 11. Be2 Nf4 12. Bf3 O-O 13. O-O Rb8 14. b3 a5 15. Re1 Qc7 16. Nf1 e5 17. Bxf4 exf4 18. Nd2 Bf5 19. c4 Bb4 20. Re5 dxc4 21. Nxc4 Rfd8 22. Rxf5 gxf5 23. Qd3 Bc5 24. Qxf5 Bxd4 25. Rf1 Rb5 26. Qg4+ Bg7 27. Be4 Qe7 28. f3 Qf6 29. Qh3 Rg5 30. Qxh7+ Kf8 31. Bb1 Qh6 32. Qe4 Qg6 33. Qe2 Bd4+ 34. Kh1 Qh6 35. Qe4 Rh5 36. h3 Rxh3+ 37. gxh3 Qxh3# 0-1

[Event "December 19 Late 2023"]
[Site "https://www.chess.com"]
[Date "2023.12.19"]
[Round "2"]
[White "Bru Rullo, Llatzer"]
[Black "Romero Ruscalleda, Josep"]
[Result "1-0"]
[Board "137"]
[TimeControl "180+1"]
[WhiteFideId "22219668"]
[BlackFideId "2231859"]
[WhiteElo "2190"]
[BlackElo "2200"]
[WhiteTeam "ESP"]
[BlackTeam "ESP"]
[WhiteClock "0:00:24"]
[BlackClock "0:00:23"]

1. d4 g6 2. c4 Bg7 3. Nc3 d6 4. e4 Nc6 5. Be3 e5 6. Nge2 exd4 7. Nxd4 Nge7 8. Be2 O-O 9. O-O f5 10. Nxc6 Nxc6 11. exf5 Bxf5 12. Qd2 Qd7 13. Rad1 Qf7 14. Bf3 Kh8 15. Bd5 Be6 16. Nb5 Bxd5 17. cxd5 Ne5 18. Rc1 Ng4 19. Rxc7 Qf6 20. Bd4 Ne5 21. f4 g5 22. Nxd6 Nf3+ 23. Rxf3 Qxd4+ 24. Qxd4 Bxd4+ 25. Kf1 Rxf4 26. Nf7+ Kg8 27. Nxg5 Rxf3+ 28. Nxf3 Bxb2 29. Rxb7 Bf6 30. Ke2 Rc8 31. Kd3 Rc3+ 32. Ke4 Rc2 33. Kf5 Bg7 34. d6 Bf8 35. d7 Be7 36. Rb8+ Kf7 37. Ne5+ Kg7 38. Re8 Rf2+ 39. Ke6 Bf6 40. Ng4 Re2+ 41. Kf5 Rd2 42. Nxf6 Rf2+ 43. Ke5 Re2+ 44. Kf4 Rf2+ 45. Kg3 Rxf6 46. d8=Q 1-0

[Event "December 19 Late 2023"]
[Site "https://www.chess.com"]
[Date "2023.12.19"]
[Round "2"]
[White "petr577"]
[Black "Tabuenca Mendataurigoitia, Daniel"]
[Result "1-0"]
[Board "138"]
[TimeControl "180+1"]
[BlackFideId "24563617"]
[WhiteElo "2286"]
[BlackElo "2130"]
[BlackTeam "ESP"]
[WhiteClock "0:00:17"]
[BlackClock "0:00:21"]

1. e4 Nc6 2. Nf3 d6 3. d4 Nf6 4. Nc3 g6 5. h3 Bg7 6. Be3 a6 7. Qd2 b5 8. d5 Nb8 9. Bd3 O-O 10. Bh6 c5 11. dxc6 Nxc6 12. O-O-O Be6 13. Bxg7 Kxg7 14. Ng5 b4 15. Nxe6+ fxe6 16. Ne2 Qa5 17. Kb1 e5 18. f3 Nh5 19. Bc4 Rab8 20. Bd5 Na7 21. h4 Nb5 22. Bb3 Qb6 23. g4 Nf4 24. h5 Nxe2 25. hxg6 Nf4 26. Rxh7+ Kf6 27. g5+ Kxg5 28. Qh2 Nxg6 29. Qh6+ Kf6 30. Rg7 Qd4 31. Qxg6# 1-0

[Event "December 19 Late 2023"]
[Site "https://www.chess.com"]
[Date "2023.12.19"]
[Round "2"]
[White "Kepeshchuk, Mykhaylo"]
[Black "Copeland, Samuel"]
[Result "0-1"]
[Board "139"]
[TimeControl "180+1"]
[WhiteFideId "14113139"]
[BlackFideId "2007347"]
[WhiteElo "2279"]
[BlackElo "2282"]
[WhiteTeam "UKR"]
[BlackTeam "USA"]
[WhiteClock "0:00:00"]
[BlackClock "0:00:41"]

1. d4 d5 2. c4 c6 3. Nf3 Nf6 4. g3 g6 5. Bg2 Bg7 6. O-O O-O 7. cxd5 cxd5 8. Nc3 Nc6 9. Ne5 Bf5 10. b3 Rc8 11. Nxc6 Rxc6 12. Bb2 a6 13. Qd2 b5 14. Rfc1 Qd7 15. Ba3 Rfc8 16. e3 h5 17. Bc5 Bh3 18. a4 Bxg2 19. Kxg2 h4 20. axb5 h3+ 21. Kg1 axb5 22. Ra7 Qf5 23. Qe2 b4 24. Nd1 Ne4 25. f3 Nxc5 26. dxc5 Rxc5 27. Rxc5 Rxc5 28. Rxe7 Rc2 29. Qf1 Rg2+ 30. Kh1 Qc2 31. Re8+ Kh7 32. Re7 Rxh2+ 33. Kg1 Rg2+ 34. Kh1 Kg8 35. Re8+ Bf8 36. Rd8 Rd2 0-1

[Event "December 19 Late 2023"]
[Site "https://www.chess.com"]
[Date "2023.12.19"]
[Round "2"]
[White "Mohammad, Fahim"]
[Black "Pham, Le Thao Nguyen"]
[Result "1/2-1/2"]
[Board "140"]
[TimeControl "180+1"]
[WhiteFideId "10206248"]
[BlackFideId "12401226"]
[WhiteElo "2177"]
[BlackElo "2261"]
[WhiteTeam "FRA"]
[BlackTeam "VIE"]
[WhiteClock "0:00:17"]
[BlackClock "0:00:23"]

1. d4 Nf6 2. Nf3 d5 3. c4 c6 4. Nc3 a6 5. e3 b5 6. b3 Bg4 7. a4 bxc4 8. bxc4 e6 9. Bd3 a5 10. h3 Bxf3 11. Qxf3 Bb4 12. Bd2 Nbd7 13. O-O O-O 14. Rfd1 Re8 15. cxd5 cxd5 16. Ne2 Bxd2 17. Rxd2 Qe7 18. Bb5 Rec8 19. Nf4 Nb6 20. Nd3 Ne4 21. Rb2 f6 22. Qg4 Rc7 23. Nf4 f5 24. Qh5 Nc4 25. Rc2 Rac8 26. Rac1 g6 27. Nxg6 hxg6 28. Qxg6+ Kf8 29. Qh6+ Kf7 30. Qh7+ Kf8 31. Qh8+ Kf7 32. Qh7+ Kf8 33. Qh8+ Kf7 34. Qh7+ 1/2-1/2

[Event "December 19 Late 2023"]
[Site "https://www.chess.com"]
[Date "2023.12.19"]
[Round "2"]
[White "Haraguchi, Diego Sashaki"]
[Black "Tikhonov, Viacheslav"]
[Result "1-0"]
[Board "141"]
[TimeControl "180+1"]
[WhiteFideId "22729925"]
[BlackFideId "44196407"]
[WhiteElo "2185"]
[BlackElo "2209"]
[WhiteTeam "BRA"]
[BlackTeam "RUS"]
[WhiteClock "0:00:05"]
[BlackClock "0:00:00"]

1. e4 c5 2. Nf3 g6 3. d4 cxd4 4. Qxd4 Nf6 5. e5 Nc6 6. Qh4 Nd5 7. Bc4 Nb6 8. Bb3 d5 9. O-O e6 10. Bg5 Be7 11. Bxe7 Qxe7 12. Qh6 Bd7 13. Nc3 a6 14. a4 Na5 15. Ba2 Rc8 16. Qg7 Qf8 17. Qf6 Rg8 18. h3 Qg7 19. Qf4 g5 20. Qb4 g4 21. Qxb6 gxf3 22. g3 Qxe5 23. Kh2 Nc4 24. Bxc4 Rxc4 25. Qxb7 Rh4 26. Qa8+ Ke7 27. Qxg8 Rxh3+ 28. Kg1 Qh5 29. Nxd5+ Qxd5 30. Qg4 e5 31. Qg5+ f6 32. Qg7+ Kd8 33. Rfd1 Qe6 34. Rxd7+ Qxd7 35. Qxf6+ Qe7 36. Qh8+ Kd7 37. Rd1+ Kc7 38. Qg8 Rh5 39. Qg4 Rg5 40. Qc4+ Kb8 41. Qxa6 Rg6 42. Qb5+ Ka8 43. Rd7 Rxg3+ 44. fxg3 1-0

[Event "December 19 Late 2023"]
[Site "https://www.chess.com"]
[Date "2023.12.19"]
[Round "2"]
[White "Polster, Christian"]
[Black "Urbina Perez, Juan Antonio"]
[Result "1-0"]
[Board "142"]
[TimeControl "180+1"]
[WhiteFideId "12965081"]
[BlackFideId "2217368"]
[WhiteElo "2141"]
[BlackElo "2185"]
[WhiteTeam "GER"]
[BlackTeam "ESP"]
[WhiteClock "0:00:06"]
[BlackClock "0:00:47"]

1. d4 d5 2. c4 c6 3. cxd5 cxd5 4. Nc3 Nc6 5. f3 Nf6 6. e4 Qb6 7. e5 Nd7 8. Nxd5 Qa5+ 9. Nc3 e6 10. Be3 Bb4 11. Qd2 Nb6 12. Bf2 O-O 13. Bd3 Rd8 14. Nge2 g6 15. O-O Nd5 16. a3 Bf8 17. Rfd1 b6 18. b4 Ncxb4 19. axb4 Qxb4 20. Nxd5 exd5 21. Qxb4 Bxb4 22. Ba6 Bf5 23. Be1 Be7 24. Kf2 h5 25. Rdc1 Rd7 26. Rc6 Bf8 27. Rac1 Re8 28. Bd2 Kg7 29. Rc7 Ree7 30. Rxd7 Rxd7 31. Bg5 Ba3 32. Rc6 Be6 33. Bf6+ Kh7 34. Rc8 g5 35. Rh8+ Kg6 36. Rg8+ Kh7 37. Rg7+ Kh6 38. Rxg5 Bb2 39. f4 Bg4 40. Ke3 Rc7 41. Kd2 Bxe2 42. Bxe2 Bxd4 43. Rg8 Bc3+ 44. Kc2 Bxe5+ 45. Kd1 Bxf6 46. Bd3 Rd7 47. g3 Rd8 48. Rxd8 Bxd8 49. Ba6 Bc7 50. Ke2 h4 51. Kf3 hxg3 52. hxg3 Kg6 53. g4 Bd6 54. g5 f6 55. Bd3+ Kf7 56. g6+ Kg7 57. f5 a5 58. Bb5 Bf8 59. Ke3 Bc5+ 60. Kd3 Kh6 61. Bc6 Bf8 62. Bxd5 Kg5 63. Ke4 a4 64. Bc6 a3 65. Bd5 Bg7 66. Ba2 Kg4 67. Bb3 Kg3 68. Ke3 Bh6+ 69. Ke4 Kf2 70. Kd5 Ke3 71. Ke6 Ke4 72. Kxf6 Kd4 73. Kf7 Kc3 74. Be6 b5 75. f6 b4 76. g7 Bxg7 77. fxg7 b3 78. g8=Q b2 79. Qg3+ Kc2 80. Qb3+ Kc1 81. Bf5 a2 82. Qc2# 1-0

[Event "December 19 Late 2023"]
[Site "https://www.chess.com"]
[Date "2023.12.19"]
[Round "2"]
[White "GoldenShare"]
[Black "Hon, Eric"]
[Result "1-0"]
[Board "143"]
[TimeControl "180+1"]
[BlackFideId "2097117"]
[WhiteElo "2501"]
[BlackElo "1918"]
[BlackTeam "USA"]
[WhiteClock "0:02:10"]
[BlackClock "0:02:31"]

1. e4 c5 2. Nc3 e6 3. Nf3 Nc6 4. d4 cxd4 5. Nxd4 Nf6 6. Nxc6 dxc6 7. e5 Nd5 8. Ne4 Be7 9. c4 Nb6 10. Qxd8+ Bxd8 11. b3 Be7 12. Be3 Nd7 13. f4 b6 14. c5 bxc5 15. Bc4 O-O 16. Ke2 a5 17. a4 Nb6 18. Bxc5 Bxc5 19. Nxc5 Nxc4 20. bxc4 Rd8 21. Rhd1 Rxd1 22. Rxd1 Kf8 23. Rd6 Ba6 24. Kd3 Ke8 25. Rxc6 Rd8+ 26. Rd6 Rxd6+ 27. exd6 Bc8 28. Nb3 Kd7 29. c5 Bb7 30. g3 Bc6 31. Nxa5 Bxa4 32. Kd4 Bb5 33. Nc4 Bxc4 34. Kxc4 Kc6 35. Kd4 f6 36. g4 g6 37. h4 h5 38. g5 fxg5 39. fxg5 Kd7 40. Ke5 Kc6 41. Kxe6 Kxc5 42. d7 1-0

[Event "December 19 Late 2023"]
[Site "https://www.chess.com"]
[Date "2023.12.19"]
[Round "2"]
[White "BenchGM"]
[Black "Cervantes Landeiro, Thalia"]
[Result "0-1"]
[Board "144"]
[TimeControl "180+1"]
[BlackFideId "3520498"]
[WhiteElo "2267"]
[BlackElo "2189"]
[BlackTeam "USA"]
[WhiteClock "0:01:49"]
[BlackClock "0:02:49"]

1. e4 c5 2. Nf3 d6 3. d4 cxd4 4. Nxd4 Nf6 5. Nc3 a6 6. f3 e5 7. Nb3 Be7 8. Be3 Be6 9. Qd2 h5 10. Be2 Nbd7 11. O-O b5 12. Nd5 Bxd5 13. exd5 Nb6 14. Bxb6 Qxb6+ 15. Kh1 h4 16. a4 Nh5 17. axb5 Ng3+ 0-1

[Event "December 19 Late 2023"]
[Site "https://www.chess.com"]
[Date "2023.12.19"]
[Round "2"]
[White "Filgueira, Hernan"]
[Black "Player, Edmund C"]
[Result "1-0"]
[Board "145"]
[TimeControl "180+1"]
[WhiteFideId "101770"]
[BlackFideId "406520"]
[WhiteElo "2363"]
[BlackElo "2015"]
[WhiteTeam "ARG"]
[BlackTeam "ENG"]
[WhiteClock "0:01:34"]
[BlackClock "0:00:00"]

1. e4 Nf6 2. e5 Nd5 3. d4 d6 4. Nf3 Nc6 5. c4 Nb6 6. exd6 exd6 7. Be2 Be7 8. O-O O-O 9. Nc3 Bg4 10. b3 Bf6 11. Be3 d5 12. c5 Nc8 13. h3 Bh5 14. Rc1 N8e7 15. g4 Bg6 16. g5 Nf5 17. gxf6 Qxf6 18. Bg5 Qe6 19. Re1 Bh5 20. Nh4 Nxh4 21. Bxh4 Qxh3 22. Bxh5 Qxh4 23. Qg4 Qd8 24. Qf4 Nb4 25. Rcd1 g6 26. Bf3 c6 27. Rd2 Na6 28. Nd1 Nc7 29. Ne3 Ne6 30. Qg3 Qa5 31. Red1 f5 32. Nxd5 cxd5 33. Bxd5 Rae8 34. Re2 Rf6 35. Rde1 Qb5 36. Rxe6 Rfxe6 37. Rxe6 Rxe6 38. Bxe6+ Kg7 39. Qe5+ Kh6 40. Qe3+ Kg7 41. Bc4 Qb4 42. d5 b5 43. cxb6 axb6 44. Qe5+ Kh6 45. d6 Qd2 46. Bd5 Qd1+ 47. Kh2 Qh5+ 48. Kg2 Qg4+ 49. Qg3 Qd4 50. Bf3 f4 51. Qh4+ Kg7 52. Qe7+ Kh6 53. d7 Qe5 54. Qxe5 1-0

[Event "December 19 Late 2023"]
[Site "https://www.chess.com"]
[Date "2023.12.19"]
[Round "2"]
[White "Krzywda, Andrzej"]
[Black "Kaganskiy, Gleb"]
[Result "0-1"]
[Board "146"]
[TimeControl "180+1"]
[WhiteFideId "1114565"]
[BlackFideId "4132025"]
[WhiteElo "2130"]
[BlackElo "2128"]
[WhiteTeam "POL"]
[BlackTeam "ISR"]
[WhiteClock "0:00:07"]
[BlackClock "0:00:35"]

1. e4 Nc6 2. Nf3 d5 3. exd5 Qxd5 4. Nc3 Qh5 5. d4 Bg4 6. Be2 O-O-O 7. Be3 e5 8. d5 Nf6 9. O-O e4 10. Nd4 Bxe2 11. Ndxe2 Nxd5 12. Nxd5 Qxd5 13. Qxd5 Rxd5 14. Ng3 f5 15. c4 Ra5 16. a3 g6 17. b4 Ra4 18. Ne2 Bg7 19. Ra2 Nxb4 20. Rd2 Nd3 21. f3 exf3 22. Rxf3 Ne5 23. Rf1 Nxc4 24. Rd3 Nxe3 25. Rxe3 Rd8 26. Re7 Rd7 27. Re8+ Rd8 28. Re7 Bd4+ 29. Nxd4 Rdxd4 30. Rxh7 Rxa3 31. Re1 b5 32. Re6 Rd6 33. Re8+ Kb7 34. Ree7 Rc6 35. h4 b4 36. Re2 a5 37. Rb2 Rac3 38. h5 gxh5 39. Rxh5 R6c5 40. Rh4 Kb6 41. Kh2 Kb5 42. Rd4 R3c4 43. Rd8 a4 44. Rb8+ Kc6 45. R8xb4 Rxb4 46. Rxb4 Ra5 47. Rb2 a3 48. Ra2 Kb5 49. Kg3 Kb4 50. Kf4 Kb3 51. Ra1 a2 52. Rf1 a1=Q 53. Kg5 Qxf1 54. g4 Qg2 0-1

[Event "December 19 Late 2023"]
[Site "https://www.chess.com"]
[Date "2023.12.19"]
[Round "2"]
[White "Grapsa, Georgia"]
[Black "Rama, Tejas"]
[Result "0-1"]
[Board "147"]
[TimeControl "180+1"]
[WhiteFideId "4206436"]
[BlackFideId "30907381"]
[WhiteElo "1794"]
[BlackElo "2089"]
[WhiteTeam "GRE"]
[BlackTeam "USA"]
[WhiteClock "0:00:00"]
[BlackClock "0:00:05"]

1. e4 e5 2. Nf3 Nc6 3. Bb5 a6 4. Ba4 Nf6 5. Bxc6 dxc6 6. d3 Bd6 7. Nbd2 Be6 8. b3 Qe7 9. Bb2 Nd7 10. Nc4 Bxc4 11. bxc4 f6 12. O-O Nc5 13. Nh4 Ne6 14. Nf5 Qd7 15. Qg4 Bc5 16. Kh1 h5 17. Qg6+ Qf7 18. Qxf7+ Kxf7 19. g3 h4 20. Nxh4 Rh5 21. Nf3 Rah8 22. Kg2 Rh3 23. Rh1 g5 24. Ng1 R3h7 25. h3 Rg7 26. Ne2 Rgh7 27. Raf1 Ke7 28. f4 gxf4 29. gxf4 Rg8+ 30. Kh2 exf4 31. d4 Bd6 32. e5 fxe5 33. dxe5 Bc5 34. Nxf4 Ng5 35. Bc1 Bd4 36. Rhg1 Bxe5 37. Rg4 Rxh3+ 38. Kg2 Rhh8 39. Re1 Nf7 40. Nd3 Rxg4+ 41. Kf3 Rg3+ 42. Kf2 Rh2+ 43. Kf1 Rf3+ 44. Kg1 Rh5 45. Bb2 Ke6 46. Kg2 Rg3+ 47. Kf2 Rg4 48. Kf3 Rxc4 49. Nxe5 Nxe5+ 50. Bxe5 Rxe5 51. Rh1 Rc3+ 0-1

[Event "December 19 Late 2023"]
[Site "https://www.chess.com"]
[Date "2023.12.19"]
[Round "2"]
[White "Igel2023"]
[Black "Novikova, Galina"]
[Result "0-1"]
[Board "148"]
[TimeControl "180+1"]
[BlackFideId "4157095"]
[WhiteElo "2244"]
[BlackElo "1972"]
[BlackTeam "RUS"]
[WhiteClock "0:00:00"]
[BlackClock "0:00:10"]

1. e4 e6 2. d4 d5 3. Nd2 Nc6 4. Ngf3 g5 5. exd5 exd5 6. Bb5 Qe7+ 7. Be2 g4 8. Ne5 Nxe5 9. dxe5 Qxe5 10. O-O Bd6 11. g3 Be6 12. Bxg4 O-O-O 13. Re1 Qg7 14. Bxe6+ fxe6 15. Rxe6 h5 16. Nf3 h4 17. Bg5 hxg3 18. fxg3 Nh6 19. Bxd8 Rxd8 20. Qd4 Qf8 21. Kg2 Kb8 22. Rf1 Nf5 23. Qf6 Ne3+ 24. Kg1 Nxf1 25. Kxf1 Qg8 26. Kg2 a6 27. Nd4 Rf8 28. Qg6 Qh8 29. c3 Rg8 30. Qf5 Rf8 31. Qxd5 Qg8 32. Rxd6 cxd6 33. Qxd6+ Ka8 34. Ne6 Rc8 35. Nc7+ Ka7 36. Qd4+ Kb8 37. Nd5 Qe8 38. c4 Qc6 0-1

[Event "December 19 Late 2023"]
[Site "https://www.chess.com"]
[Date "2023.12.19"]
[Round "2"]
[White "Kanter, Eduard"]
[Black "De Souza, Cristiano Gomes"]
[Result "1-0"]
[Board "149"]
[TimeControl "180+1"]
[WhiteFideId "4103963"]
[BlackFideId "2151758"]
[WhiteElo "2243"]
[BlackElo "2068"]
[WhiteTeam "RUS"]
[BlackTeam "BRA"]
[WhiteClock "0:00:19"]
[BlackClock "0:00:55"]

1. d4 Nf6 2. c4 g6 3. Nc3 Bg7 4. e4 d6 5. Nf3 O-O 6. Be2 e5 7. O-O Nc6 8. d5 Ne7 9. Ne1 Nd7 10. Nd3 f5 11. f3 f4 12. Bd2 g5 13. b4 Ng6 14. c5 Rf7 15. Rc1 Bf8 16. c6 bxc6 17. dxc6 Nf6 18. b5 Be6 19. Nb4 h5 20. Ncd5 Rg7 21. Bc4 Bxd5 22. Nxd5 Kh7 23. Ba5 Nxd5 24. Qxd5 g4 25. Be1 Nh4 26. fxg4 Rxg4 27. Rc2 Qg5 28. Qf7+ Bg7 29. Bxh4 Rxh4 30. Qxc7 Qf6 31. Qd7 Rd8 32. Qf5+ Qxf5 33. exf5 d5 34. c7 Rc8 35. Bxd5 Bf8 36. Be6 1-0

[Event "December 19 Late 2023"]
[Site "https://www.chess.com"]
[Date "2023.12.19"]
[Round "2"]
[White "Sabar Ethmane Daouda"]
[Black "Azali, Tannaz"]
[Result "1-0"]
[Board "150"]
[TimeControl "180+1"]
[WhiteFideId "19600097"]
[BlackFideId "12537721"]
[WhiteElo "1950"]
[BlackElo "1828"]
[WhiteTeam "MTN"]
[BlackTeam "IRI"]
[WhiteClock "0:00:07"]
[BlackClock "0:00:10"]

1. b3 d5 2. Bb2 Nc6 3. e3 e5 4. Bb5 Bd6 5. f4 exf4 6. Bxg7 Qh4+ 7. Kf1 fxe3 8. dxe3 Bd7 9. Nf3 Qg4 10. Bxh8 f6 11. Nc3 O-O-O 12. h3 Qb4 13. Bxc6 Bxc6 14. Qd4 Qa5 15. Bxf6 Bc5 16. Qg4+ Bd7 17. Qh4 Rf8 18. Bd4 Bxd4 19. Qxd4 c5 20. Qd2 Nf6 21. Rd1 Be6 22. a4 Qc7 23. Nb5 Qb6 24. c4 Ne4 25. Qb2 Ng3+ 26. Kf2 Nxh1+ 27. Rxh1 dxc4 28. bxc4 Bxc4 29. Qg7 Rg8 30. Qxh7 a6 31. Qf5+ Be6 32. Na7+ Kb8 33. Qe5+ Kxa7 34. Rc1 c4 35. Nd4 Qb2+ 36. Rc2 Qb1 37. Qxe6 Rf8+ 38. Kg3 Qe1+ 39. Kh2 Rf1 40. Nc6+ bxc6 41. Qd7+ Kb6 42. Rb2+ Kc5 43. Qd4# 1-0

[Event "December 19 Late 2023"]
[Site "https://www.chess.com"]
[Date "2023.12.19"]
[Round "2"]
[White "GirthyHuell"]
[Black "Schut, Han"]
[Result "0-1"]
[Board "151"]
[TimeControl "180+1"]
[BlackFideId "1005561"]
[WhiteElo "2484"]
[BlackElo "2024"]
[BlackTeam "NED"]
[WhiteClock "0:01:04"]
[BlackClock "0:01:26"]

1. g3 g6 2. Bg2 Nf6 3. d4 Bg7 4. Nf3 O-O 5. O-O d5 6. c4 dxc4 7. Ne5 c5 8. dxc5 Qc7 9. Bf4 Qxc5 10. Na3 Nh5 11. Naxc4 Nxf4 12. gxf4 Nc6 13. Rc1 Nxe5 14. Nxe5 Qb6 15. Nc4 Qa6 16. a3 Be6 17. Ne5 Rfd8 18. Qc2 Rac8 19. Qb1 Qxe2 20. Rfe1 Qb5 21. Bf1 Qb6 22. Rxc8 Rxc8 23. b4 Qd4 24. Qe4 Qxe4 25. Rxe4 Rc1 26. Kg2 Bd5 0-1

[Event "December 19 Late 2023"]
[Site "https://www.chess.com"]
[Date "2023.12.19"]
[Round "2"]
[White "Nilsson, Joakim"]
[Black "Bolivar Losada, Jeison"]
[Result "1-0"]
[Board "152"]
[TimeControl "180+1"]
[WhiteFideId "1723383"]
[BlackFideId "4404793"]
[WhiteElo "2143"]
[BlackElo "2036"]
[WhiteTeam "SWE"]
[BlackTeam "COL"]
[WhiteClock "0:02:03"]
[BlackClock "0:00:04"]

1. d4 Nf6 2. Nf3 d5 3. Bg5 Ne4 4. Bf4 g6 5. Nbd2 Bg7 6. e3 Nf6 7. Be2 O-O 8. h3 c5 9. c3 Nc6 10. O-O b6 11. Qa4 Bd7 12. Qa3 Ne4 13. Nxe4 dxe4 14. Nd2 cxd4 15. cxd4 e5 16. dxe5 Nxe5 17. Nxe4 Bc6 18. Rfd1 Qb8 19. Nd6 Rd8 20. Rac1 Bd7 21. Nc4 Nxc4 22. Bxc4 Be5 23. Qe7 Bxf4 24. Qxf7+ Kh8 25. Qf6# 1-0

[Event "December 19 Late 2023"]
[Site "https://www.chess.com"]
[Date "2023.12.19"]
[Round "2"]
[White "Vila Dupla, Aurelio"]
[Black "Kotyk, Michael"]
[Result "0-1"]
[Board "153"]
[TimeControl "180+1"]
[WhiteFideId "2203383"]
[BlackFideId "16214501"]
[WhiteElo "2009"]
[BlackElo "2069"]
[WhiteTeam "ESP"]
[BlackTeam "GER"]
[WhiteClock "0:00:17"]
[BlackClock "0:01:16"]

1. Nf3 Na6 2. d4 c6 3. c4 g6 4. Bf4 Bg7 5. Nc3 d6 6. e3 Nf6 7. h3 O-O 8. Be2 Nc7 9. O-O a6 10. b4 b5 11. a4 bxc4 12. Bxc4 Be6 13. Qe2 Nfd5 14. Nxd5 Bxd5 15. Rfc1 Qd7 16. e4 Bxc4 17. Qxc4 Ne6 18. Be3 d5 19. exd5 cxd5 20. Qc6 Qxc6 21. Rxc6 Rfb8 22. Rb1 Rb7 23. b5 axb5 24. axb5 Rab8 25. b6 Nd8 26. Rc7 Kf8 27. Bf4 Ke8 28. Rxb7 Rxb7 29. Bc7 Ne6 30. Be5 Bxe5 31. dxe5 Kd7 32. Rd1 Kc6 33. Rc1+ Kxb6 34. Rc8 Nc5 35. Rh8 h5 36. Rh7 e6 37. Ng5 d4 38. Rxf7 Rxf7 39. Nxf7 Kb5 40. Nd6+ Kb4 41. Kf1 Kc3 42. Ke1 Kc2 43. Nc4 d3 44. Ne3+ Kc1 45. Nc4 Ne4 46. f3 d2+ 47. Nxd2 Nxd2 48. Ke2 Kc2 49. Ke3 Kc3 50. Kf4 Kd4 51. g4 h4 52. g5 Kd5 53. Kg4 Kxe5 54. f4+ Ke4 55. Kxh4 Kf5 56. Kg3 Nb3 57. h4 Nd4 0-1

[Event "December 19 Late 2023"]
[Site "https://www.chess.com"]
[Date "2023.12.19"]
[Round "2"]
[White "Slade, Theodore"]
[Black "Kovacevic, Radmila"]
[Result "1-0"]
[Board "154"]
[TimeControl "180+1"]
[WhiteFideId "426547"]
[BlackFideId "933171"]
[WhiteElo "1964"]
[BlackElo "2052"]
[WhiteTeam "ENG"]
[BlackTeam "SRB"]
[WhiteClock "0:00:23"]
[BlackClock "0:00:25"]

1. d4 e5 2. dxe5 Nc6 3. Nf3 Qe7 4. Bf4 Qb4+ 5. Bd2 Qxb2 6. Nc3 Bb4 7. Rb1 Qxc3 8. Bxc3 Bxc3+ 9. Nd2 Bxe5 10. g3 Nf6 11. Bg2 O-O 12. O-O d5 13. Nf3 Bc3 14. Qd3 Ba5 15. c4 dxc4 16. Qxc4 Be6 17. Qa4 Bb6 18. Ng5 Bf5 19. e4 Bg6 20. e5 Nxe5 21. Bxb7 Rab8 22. Be4 Nxe4 23. Nxe4 f5 24. Ng5 f4 25. Rbd1 fxg3 26. hxg3 h6 27. Ne6 Rf7 28. Nf4 Bf5 29. Rd5 Nf3+ 30. Kg2 Ng5 31. Re1 Kh7 32. Rde5 Rbf8 33. Re8 Rxe8 34. Rxe8 Bd7 35. Qc2+ Bf5 36. Qc6 Bd7 37. Qa8 Bxe8 38. Qxe8 Rf6 39. a4 a5 40. Qd7 Kg8 41. Qd8+ Kh7 42. Qd3+ Kg8 43. Qe2 Kh7 44. f3 Kg8 45. Qe8+ Kh7 46. Qe7 Kg8 47. Nd5 Rxf3 48. Nxb6 cxb6 49. Qd8+ Kh7 50. Qxb6 Rf5 51. Qb1 g6 52. Qb7+ Rf7 53. Qb6 Rf5 54. Qc7+ Nf7 55. g4 Rf6 56. Qxa5 Kg7 57. Qc3 Ng5 58. a5 Kf7 59. Qc7+ Ke6 60. a6 Ne4 61. a7 Rf2+ 62. Kg1 Ra2 63. Qc4+ Ke5 64. Qxa2 h5 65. a8=Q Kf4 66. Qxe4+ Kxe4 67. Qc2+ Kf4 68. Qxg6 hxg4 69. Kg2 g3 70. Qxg3+ Kf5 71. Qf3+ Kg6 72. Kf2 Kh7 73. Qe3 Kg6 74. Ke2 Kh5 75. Kd3 Kg4 76. Kd4 Kh4 77. Qe4+ Kh5 78. Qe5+ Kg6 79. Kd5 Kf7 80. Qe6+ Kf8 81. Kd6 Kg7 82. Qf5 Kh8 83. Qg5 Kh7 84. Ke7 Kh8 85. Kf7 Kh7 86. Qg7# 1-0

[Event "December 19 Late 2023"]
[Site "https://www.chess.com"]
[Date "2023.12.19"]
[Round "2"]
[White "Pert, Nina"]
[Black "Petukhov, Dmitry"]
[Result "0-1"]
[Board "155"]
[TimeControl "180+1"]
[WhiteFideId "456853"]
[BlackFideId "4142748"]
[WhiteElo "1726"]
[BlackElo "2269"]
[WhiteTeam "ENG"]
[BlackTeam "RUS"]
[WhiteClock "0:00:00"]
[BlackClock "0:00:40"]

1. e4 c5 2. Nf3 d6 3. d4 cxd4 4. Nxd4 Nf6 5. Nc3 Nc6 6. Be3 Ng4 7. Bc1 Qb6 8. h3 Nxf2 9. Kxf2 Qxd4+ 10. Qxd4 Nxd4 11. Bd3 Bd7 12. Nd5 O-O-O 13. Be3 Nc6 14. Bxa7 Nxa7 15. a4 e6 16. Ne3 Nc6 17. c3 Ne5 18. Bc2 Bc6 19. b4 Be7 20. b5 Bd7 21. Rhb1 b6 22. a5 bxa5 23. Rxa5 Kb7 24. Ra4 Rc8 25. c4 Ra8 26. Rab4 d5 27. R4b2 Nxc4 28. Nxc4 dxc4 29. e5 Kb6 30. Be4 Ra5 31. Rd2 Bxb5 32. Rd7 Bc5+ 33. Kf3 Ra3+ 34. Ke2 Rb3 35. Rb7+ Ka5 36. Ra1+ Kb4 37. Bc6 Kc3 38. Bxb5 Kd4 39. Rd1+ Kxe5 40. Rdd7 Ra8 41. Bxc4 Ra2+ 42. Kf1 Rf2+ 43. Ke1 Rc3 44. Bb5 Rc1+ 45. Rd1 Rxd1+ 46. Kxd1 Kf6 47. Be8 Be7 48. g4 Rf3 49. g5+ Kg6 50. Rxe7 Kxg5 51. Rxf7 Rf2 52. Rf3 Rxf3 53. Bd7 Kf6 0-1